 Dungeon Crawl Stone Soup version 0.31-a0-1388-g4b2ba238e7 (webtiles) character file.

Game seed: 13837635785398361960

16 Loonster the Sneak (level 2, 0/14 HPs)
             Began as a Spriggan Brigand on Dec 24, 2023.
             Frozen to death by an endoplasm (2 damage)
             ... on level 2 of the Dungeon.
             The game lasted 00:00:29 (494 turns).

Loonster the Sneak (Spriggan Brigand)                Turns: 494, Time: 00:00:31

Health: 0/14       AC:  3    Str:  7    XL:     2   Next: 37%
Magic:  3/3        EV: 16    Int: 12    God:
Gold:   44         SH:  0    Dex: 16    Spells: 1/1 levels left

rFire   . . .        a - +2 dagger
rCold   . . .        (no shield)
rNeg    . . .        b - +0 robe
rPois   .            (helmet restricted)
rElec   .            c - +0 cloak
rCorr   .            (gloves unavailable)
SInv    +            (boots unavailable)
Will    .....        (no amulet)
Stlth   +++          (no ring)
HPRegen 0.22/turn    (no ring)
MPRegen 0.08/turn

%: no passive effects
@: very quick
A: very small, no large weapons, unfitting armour, see invisible, speed 3
a: no special abilities


You were on level 2 of the Dungeon.
You visited 1 branch of the dungeon, and saw 2 of its levels.

You collected 44 gold pieces.

Inventory:

Hand Weapons
 a - a +2 dagger (weapon)
Missiles
 d - 9 poisoned darts (quivered)
 e - 3 curare-tipped darts
Armour
 b - a +0 robe (worn)
 c - a +0 cloak (worn)
Jewellery
 l - a +5 ring of evasion
Scrolls
 h - a scroll of fear {unknown}
 i - a scroll of identify {unknown}
Potions
 g - a potion of curing {unknown}
 j - a potion of enlightenment {unknown}
 k - 2 potions of cancellation {unknown}


   Skills:
 - Level 1.5 Fighting
 + Level 3.4 Short Blades
 - Level 2.0 Throwing
 - Level 1.3 Dodging
 - Level 5.8 Stealth


You had one spell level left.
You didn't know any spells.
Your spell library contained the following spells:

 Spells                   Type           Power      Damage    Failure   Level
 Apportation              Tloc           0%         N/A       32%         1
 Jinxbite                 Hex            0%         N/A       45%         2
 Alistair's Intoxication  Alch           0%         N/A       100%        5


Dungeon Overview and Level Annotations

Branches:
Dungeon (2/15)

Altars:


Innate Abilities, Weirdness & Mutations

You are very small and have problems with some larger weapons.
You are too small for most types of armour.
You have supernaturally acute eyesight. (SInv)
You cover ground extremely quickly. (Speed+++)


Message History

The sling bullet hits you but does no damage.
You closely miss the jackal.
The jackal is moderately wounded.
The jackal closely misses you.
The hobgoblin hits you but does no damage.
You closely miss the jackal.
The jackal is moderately wounded.
The jackal bites you.
The goblin shoots a sling bullet.
The sling bullet closely misses you.
The jackal bites you but does no damage.
You barely miss the jackal.
The jackal is moderately wounded.
The jackal misses you. The jackal barely misses you.
The jackal closely misses you. The hobgoblin hits you.
The goblin shoots a sling bullet.
The sling bullet misses you.
You hit the jackal.
The jackal is severely wounded.
The jackal misses you. x2; The jackal barely misses you.
The hobgoblin closely misses you. The jackal bites you.
You are too injured to fight recklessly!
You are too injured to fight recklessly!
You are too injured to fight recklessly!
Unknown command.
You closely miss the jackal. Your punch misses the jackal.
The jackal is severely wounded.
The jackal bites you but does no damage.
The jackal misses you. The endoplasm freezes you.
You are frozen.
* * * LOW HITPOINT WARNING * * *
The jackal closely misses you.
The hobgoblin hits you but does no damage.
The jackal closely misses you.
As you read the scroll labelled AWUEQUILANA, it dissolves into smoke.
It was a scroll of fog.
The jackal misses you. The jackal completely misses you.
The jackal closely misses you. The jackal misses you.
The endoplasm freezes you.
You are frozen.
You die...

. .. ♣♣ ... ....
..# .....####
...#
+#....<###§...#
g......gg@hh...+
.......§Jhh....#
.......§g§§§...#
...............#
J..............#
...........#####
......#=...#
###########


You could see an endoplasm, 4 jackals, a hobgoblin and 2 goblins.

Vanquished Creatures
  A hobgoblin (D:1)
  2 jackals (D:1)
  A kobold (D:1)
  A quokka (D:1)
  5 ball pythons
  3 bats
13 creatures vanquished.

Notes
Turn   | Place    | Note
-------+----------+-------------------------------------------
     0 | D:1      | Loonster the Spriggan Brigand began the quest for the Orb.
     0 | D:1      | Reached XP level 1. HP: 10/10 MP: 2/2
   227 | D:1      | Reached XP level 2. HP: 7/14 MP: 3/3
   494 | D:2      | Frozen to death by an endoplasm

Illustrated notes

Levels and vault maps discovered:
D:1:      eino_arrival_tree_alley, layout_rooms, hex_tiny
D:2:      layout_basic, minmay_stone_trees_small

Skill      XL: |  1 |
---------------+----+-----
Short Blades   | 3 |  3.4
Fighting       | |  1.5
Throwing       | |  2.0
Dodging        | |  1.3
Stealth        | |  5.8

Action                     || total
---------------------------++-------
  Melee: Dagger            ||    43
    Use: Scroll            ||     1
   Stab: Sleeping          ||     1
 Armour: Robe              ||    22
  Dodge: Dodged            ||    49

Table legend: (Time is in decaauts)
 A = Elapsed time spent in this place.
 B = Non-inter-level travel time spent in this place.
 C = Inter-level travel time spent in this place.
 D = Time resting spent in this place.
 E = Time spent auto-exploring this place.
 F = Levels seen in this place.
 G = Mean time per level.
                   A        B        C        D        E       F      G
               +--------+--------+--------+--------+--------+-----+--------+
         Total |    321 |    307 |     14 |      0 |    235 |   2 |  160.5 |
       Dungeon |    321 |    307 |     14 |      0 |    235 |   2 |  160.5 |
               +--------+--------+--------+--------+--------+-----+--------+

Top non-repeatable levels by time:
     D:1: 309 daAuts
     D:2: 12 daAuts
